Coyotes vs Nordiques
Created - 7 mars 2015 at 01:12
Goals
|
| Coyotes |
1 |
0 |
4 |
5 |
| Nordiques |
1 |
1 |
2 |
4 |
|
Shots
|
| Coyotes |
17 |
4 |
17 |
38 |
| Nordiques |
9 |
13 |
14 |
36 |
|
1st period
1. Nordiques , Matt Duchene 12 (Andrei Kostitsyn) at 6:40
2. Coyotes , Marian Gaborik 40 (Tim Connolly) at 6:52
Penalties :
Frans Nielsen (Ari) for Interference (Minor) at 8:58, Erik Christensen (Ari) for Hooking (Minor) at 17:19
2nd period
3. Nordiques , Andrei Kostitsyn 35 (Ed Jovanovski) at 15:54
Penalties :
Frans Nielsen (Ari) for Hooking (Minor) at 2:08, Sami Kapanen (Ari) for High sticking (Minor) at 5:01, Brian Pothier (Que) for Goalie Interference (Minor) at 13:48, Tyler Ennis (Ari) for Holding Stick (Minor) at 18:40
3rd period
4. Coyotes , Tyler Ennis 20 (Marian Gaborik, Tim Connolly) at 1:22
5. Nordiques , Marcel Hossa 12 (Tyler Arnason, Alexander Perezhogin) at 4:26
6. Nordiques , Matt Duchene 13 (Peter Prucha, Andrei Kostitsyn) at 5:04
7. Coyotes , Saku Koivu 16 (Chad Larose, Erik Cole) at 6:48
8. Coyotes , Sami Kapanen 11 (Shawn Thornton) at 8:47
9. Coyotes , Marian Gaborik 41 (Tim Connolly) at 8:53
Penalties :
Patrik Elias (Que) for Roughing (Minor) at 19:01, Peter Prucha (Que) for Holding (Minor) at 19:10
Goalie Stats
Ryan Miller (Ari), 32 saves from 36 shots - (0,889), W, 36-13-6, 60:00 minutes
Jean-Sébastien Giguère (Que), 33 saves from 38 shots - (0,868), L, 17-21-4, 60:00 minutes
Players Stats for Coyotes
Player Name G A P +/- PIM S H SB GA TA FO MP PP MP PK MP
------------------------------------------------------------------------------------
Adrian Aucoin 0 0 0 1 0 0 0 2 1 0 0/0 23:39 0:00 6:19
Andy Sutton 0 0 0 1 0 2 2 2 1 0 0/0 20:44 0:00 6:19
Anton Stralman 0 0 0 0 0 2 3 2 0 2 0/0 20:07 0:54 3:19
Chad Larose 0 1 1 0 0 3 2 1 0 0 0/0 17:15 0:00 4:56
Chris Stewart 0 0 0 -1 0 2 1 1 0 0 0/1 13:47 1:11 0:00
Denis Grebeshkov 0 0 0 0 0 0 1 4 1 1 0/0 23:31 2:03 3:36
Drew Miller 0 0 0 -1 0 7 1 0 0 0 7/12 18:27 0:00 5:38
Erik Christensen 0 0 0 0 2 1 0 0 0 0 1/3 8:32 0:00 1:43
Erik Cole 0 1 1 0 0 4 2 3 0 2 0/0 15:36 0:00 3:55
Frans Nielsen 0 0 0 -1 4 1 3 0 0 0 9/22 16:25 1:11 2:21
Marian Gaborik 2 1 3 2 0 5 2 0 0 0 0/1 17:30 1:46 0:00
Matt Taormina 0 0 0 -1 0 1 1 1 0 1 0/0 13:57 0:54 0:17
Saku Koivu 1 0 1 0 0 2 2 1 1 2 9/13 13:33 1:11 0:38
Sami Kapanen 1 0 1 0 2 1 0 0 0 1 0/0 7:11 0:00 0:00
Sergei Gonchar 0 0 0 1 0 1 1 1 1 0 0/0 18:02 2:03 0:00
Shawn Thornton 0 1 1 0 0 0 1 0 0 1 0/0 7:25 0:00 0:39
Tim Connolly 0 3 3 2 0 4 0 2 0 0 12/26 17:07 1:46 0:00
Tyler Ennis 1 0 1 2 2 2 1 1 0 1 0/0 17:12 1:46 0:00
Players Stats for Nordiques
Player Name G A P +/- PIM S H SB GA TA FO MP PP MP PK MP
------------------------------------------------------------------------------------
Alexander Perezhogin 0 1 1 0 0 2 1 1 1 0 0/1 16:47 4:17 0:00
Alexei Ponikarovsky 0 0 0 -2 0 0 0 0 2 1 0/0 8:00 0:38 0:47
Andrei Kostitsyn 1 2 3 2 0 5 2 0 2 2 0/0 21:41 5:04 0:07
Brett Lebda 0 0 0 -1 0 0 2 0 1 0 0/0 22:08 5:12 1:03
Brian Pothier 0 0 0 -1 2 2 0 0 0 0 0/0 21:04 5:12 0:00
Ed Jovanovski 0 1 1 1 0 0 0 0 0 0 0/0 12:20 0:31 1:03
Jeff Halpern 0 0 0 -2 0 0 0 0 0 0 1/4 9:12 0:42 1:55
Jordan Leopold 0 0 0 0 0 2 3 2 0 1 0/0 26:42 4:12 1:54
Marcel Hossa 1 0 1 0 0 4 2 0 0 0 0/1 16:44 4:13 0:00
Matt Duchene 2 0 2 1 0 4 2 0 1 0 25/43 21:32 5:00 0:09
Matt Ellison 0 0 0 -2 0 0 0 0 2 0 0/0 7:14 0:38 0:00
Mattias Weinhandl 0 0 0 -1 0 3 1 1 0 0 0/0 11:32 0:00 0:00
Nick Schultz 0 0 0 0 0 1 1 1 0 0 0/0 11:10 0:31 0:00
Patrik Elias 0 0 0 0 2 0 1 1 1 1 0/0 12:09 0:00 0:31
Peter Prucha 0 1 1 1 2 7 0 0 0 0 1/1 22:36 5:00 1:13
Rickard Wallin 0 0 0 -1 0 2 1 2 1 0 6/11 11:54 0:00 0:22
Ryan Parent 0 0 0 0 0 1 3 0 0 0 0/0 26:42 4:12 1:54
Tyler Arnason 0 1 1 0 0 3 1 1 0 0 7/17 16:44 4:13 0:00
3 Stars
1 - Marian Gaborik (Ari)
2 - Andrei Kostitsyn (Que)
3 - Matt Duchene (Que)
Power Play
Coyotes - 0 on 3 Attempt(s) - 0,00%
Nordiques - 0 on 5 Attempt(s) - 0,00%
Penalty Kill
Coyotes - 5 on 5 Attempt(s) - 100,00%
- Score 0 goal in Penalty Kill
Nordiques - 3 on 3 Attempt(s) - 100,00%
- Score 0 goal in Penalty Kill
Team Stat
Coyotes - Hits : 23 - Faceoff Wins : 38 - Blocked Shots : 21 - Penalty Minutes : 10
Nordiques - Hits : 20 - Faceoff Wins : 40 - Blocked Shots : 9 - Penalty Minutes : 6
Official
Referees : McCauley Wes and Joannette Marc
Linesman : David Brisebois and Steve Miller
Game Notes
No Game Note
Finance
Level 1 -- Attendance: 5824 (97,07%) -- Ticket Income 495 040 $
Level 2 -- Attendance: 4579 (91,58%) -- Ticket Income 228 950 $
Level 3 -- Attendance: 1276 (63,80%) -- Ticket Income 51 040 $
Level 4 -- Attendance: 2342 (58,55%) -- Ticket Income 58 550 $
Luxury Box -- Attendance: 988 (98,80%) -- Ticket Income 143 260 $
Game was played at the Colisé Pepsi'
Total Attendance: 15009 (83,38%)
Total Ticket Income: 976 840 $
Other Income: 146 526 $
Total Income: 1 123 366 $
Coyotes
5 vs 5 Forward
Center Left Wing Right Wing Time % Phy DF OF
1 Tim Connolly Tyler Ennis Marian Gaborik 35 1 1 3
2 Frans Nielsen Drew Miller Chris Stewart 28 1 2 2
3 Saku Koivu Erik Cole Chad Larose 25 2 2 1
4 Erik Christensen Shawn Thornton Sami Kapanen 12 2 2 1
5 vs 5 Defense
Defense Defense Time % Phy DF OF
1 Denis Grebeshkov Adrian Aucoin 37 1 3 1
2 Sergei Gonchar Anton Stralman 34 1 3 1
3 Matt Taormina Andy Sutton 28 2 2 1
4 Sergei Gonchar Denis Grebeshkov 1 1 4 0
PowerPlay Forward
Center Left Wing Right Wing Time % Phy DF OF
1 Tim Connolly Tyler Ennis Marian Gaborik 57 0 0 5
2 Saku Koivu Frans Nielsen Chris Stewart 43 0 0 5
PowerPlay Defense
Defense Defense Time % Phy DF OF
1 Denis Grebeshkov Sergei Gonchar 57 0 0 5
2 Anton Stralman Matt Taormina 43 0 0 5
Penalty Kill 4 Players Forward
Center Wing Time % Phy DF OF
1 Drew Miller Chad Larose 54 0 5 0
2 Frans Nielsen Erik Cole 46 0 5 0
Penalty Kill 4 Players Defense
Defense Defense Time % Phy DF OF
1 Adrian Aucoin Andy Sutton 54 1 4 0
2 Anton Stralman Denis Grebeshkov 46 1 4 0
Penalty Kill - 3 Players Forward
Forward Time % Phy DF OF
1 Drew Miller 52 0 5 0
2 Chad Larose 48 0 5 0
Penalty Kill - 3 Players Defense
Defense Defense Time % Phy DF OF
1 Andy Sutton Adrian Aucoin 52 0 5 0
2 Anton Stralman Denis Grebeshkov 48 0 5 0
4 vs 4 Forward
Center Wing Time % Phy DF OF
1 Tim Connolly Marian Gaborik 52 1 1 3
2 Frans Nielsen Drew Miller 48 1 2 2
4 vs 4 Defense
Defense Defense Time % Phy DF OF
1 Adrian Aucoin Anton Stralman 52 1 3 1
2 Denis Grebeshkov Sergei Gonchar 48 1 2 2
Last Minutes Offensive
Center Left Wing Right Wing Defense Defense
Tim Connolly Tyler Ennis Marian Gaborik Denis Grebeshkov Anton Stralman
Last Minutes Defensive
Center Left Wing Right Wing Defense Defense
Drew Miller Erik Cole Chad Larose Denis Grebeshkov Anton Stralman
Goaltenders
Starting : Ryan Miller
Backup : Marc Denis
Extra Forwards
Normal : Marian Gaborik, Tyler Ennis, Chris Stewart - PP : Marian Gaborik, Chris Stewart - PK : Drew Miller
Extra Defensemen
Normal : Denis Grebeshkov, Matt Taormina, Anton Stralman - PP : Denis Grebeshkov - PK : Andy Sutton, Matt Taormina
Penalty Shots
Marian Gaborik, Tyler Ennis, Chad Larose, Drew Miller, Tim Connolly
Nordiques
5 vs 5 Forward
Center Left Wing Right Wing Time % Phy DF OF
1 Matt Duchene Andrei Kostitsyn Peter Prucha 40 0 2 3
2 Tyler Arnason Marcel Hossa Alexander Perezhogin 30 0 2 3
3 Rickard Wallin Patrik Elias Mattias Weinhandl 20 1 2 2
4 Jeff Halpern Alexei Ponikarovsky Matt Ellison 10 1 2 2
5 vs 5 Defense
Defense Defense Time % Phy DF OF
1 Jordan Leopold Ryan Parent 40 0 2 3
2 Brian Pothier Brett Lebda 30 0 2 3
3 Ed Jovanovski Nick Schultz 20 1 2 2
4 Jordan Leopold Ryan Parent 10 1 2 2
PowerPlay Forward
Center Left Wing Right Wing Time % Phy DF OF
1 Matt Duchene Andrei Kostitsyn Peter Prucha 60 0 1 4
2 Tyler Arnason Marcel Hossa Alexander Perezhogin 40 0 1 4
PowerPlay Defense
Defense Defense Time % Phy DF OF
1 Jordan Leopold Ryan Parent 60 0 2 3
2 Brian Pothier Brett Lebda 40 0 2 3
Penalty Kill 4 Players Forward
Center Wing Time % Phy DF OF
1 Jeff Halpern Peter Prucha 60 1 3 1
2 Rickard Wallin Alexei Ponikarovsky 40 1 3 1
Penalty Kill 4 Players Defense
Defense Defense Time % Phy DF OF
1 Jordan Leopold Ryan Parent 60 1 3 1
2 Brian Pothier Brett Lebda 40 1 3 1
Penalty Kill - 3 Players Forward
Forward Time % Phy DF OF
1 Jeff Halpern 60 1 3 1
2 Rickard Wallin 40 1 3 1
Penalty Kill - 3 Players Defense
Defense Defense Time % Phy DF OF
1 Jordan Leopold Ryan Parent 60 1 3 1
2 Brian Pothier Brett Lebda 40 1 3 1
4 vs 4 Forward
Center Wing Time % Phy DF OF
1 Matt Duchene Andrei Kostitsyn 60 0 2 3
2 Tyler Arnason Alexander Perezhogin 40 0 2 3
4 vs 4 Defense
Defense Defense Time % Phy DF OF
1 Jordan Leopold Ryan Parent 60 1 2 2
2 Brian Pothier Brett Lebda 40 1 2 2
Last Minutes Offensive
Center Left Wing Right Wing Defense Defense
Matt Duchene Andrei Kostitsyn Peter Prucha Jordan Leopold Ryan Parent
Last Minutes Defensive
Center Left Wing Right Wing Defense Defense
Jeff Halpern Patrik Elias Alexander Perezhogin Brian Pothier Brett Lebda
Goaltenders
Starting : Jean-Sébastien Giguère
Backup : Chris Mason
Extra Forwards
Normal : Patrik Elias, Andrei Kostitsyn, Matt Duchene - PP : Marcel Hossa, Andrei Kostitsyn - PK : Patrik Elias
Extra Defensemen
Normal : Brian Pothier, Ryan Parent, Jordan Leopold - PP : Brian Pothier - PK : Jordan Leopold, Ryan Parent
Penalty Shots
Peter Prucha, Andrei Kostitsyn, Marcel Hossa, Matt Duchene, Tyler Arnason
% Time on Ice - Coyotes
Lines # - Real PCT - Wanted PCT - Time Play
Normal Forward
1 - 34% - 35% - 16:06
2 - 27% - 28% - 12:42
3 - 24% - 25% - 11:32
4 - 14% - 12% - 6:45
Normal Defense
1 - 37% - 37% - 17:20
2 - 34% - 34% - 15:51
3 - 27% - 28% - 12:39
4 - 3% - 1% - 1:15
PP Forward
1 - 60% - 57% - 1:46
2 - 40% - 43% - 1:11
PP Defense
1 - 69% - 57% - 2:03
2 - 31% - 43% - 0:54
PK Forward
1 - 56% - 54% - 5:35
2 - 44% - 46% - 4:20
PK Defense
1 - 64% - 54% - 6:19
2 - 36% - 46% - 3:36
PK3 Forward
1 - 0% - 52%
2 - 0% - 48%
PK3 Defense
1 - 0% - 52%
2 - 0% - 48%
44 Forward
1 - 0% - 52%
2 - 0% - 48%
44 Defense
1 - 0% - 52%
2 - 0% - 48%
Last Minute Offensive - 0:00
Last Minute Defensive - 0:03
Total
Forward - 60:00
Defense - 60:00
|
% Time on Ice - Nordiques
Lines # - Real PCT - Wanted PCT - Time Play
Normal Forward
1 - 35% - 40% - 16:41
2 - 27% - 30% - 12:31
3 - 24% - 20% - 11:32
4 - 14% - 10% - 6:24
Normal Defense
1 - 41% - 40% - 19:21
2 - 34% - 30% - 15:53
3 - 22% - 20% - 10:24
4 - 3% - 10% - 1:30
PP Forward
1 - 57% - 60% - 5:42
2 - 43% - 40% - 4:13
PP Defense
1 - 48% - 60% - 4:43
2 - 52% - 40% - 5:12
PK Forward
1 - 89% - 60% - 1:54
2 - 11% - 40% - 0:14
PK Defense
1 - 51% - 60% - 1:05
2 - 49% - 40% - 1:03
PK3 Forward
1 - 84% - 60% - 0:41
2 - 16% - 40% - 0:08
PK3 Defense
1 - 100% - 60% - 0:49
2 - 0% - 40% - 0:00
44 Forward
1 - 0% - 60%
2 - 0% - 40%
44 Defense
1 - 0% - 60%
2 - 0% - 40%
Last Minute Offensive - 0:00
Last Minute Defensive - 0:00
Total
Forward - 60:00
Defense - 60:00
|
Play by Play
1st period
0:01 of 1st period - Matt Duchene wins face-off versus Tim Connolly in neutral zone.
0:04 of 1st period - Marian Gaborik is hit by Andrei Kostitsyn and loses puck.
0:25 of 1st period - Denis Grebeshkov is hit by Rickard Wallin and loses puck.
0:40 of 1st period - Slapshot by Tim Connolly.
0:40 of 1st period - Stopped by Jean-Sébastien Giguère with a rebound.
0:42 of 1st period - Wrist shot by Tim Connolly.
0:42 of 1st period - Stopped by Jean-Sébastien Giguère without a rebound.
0:43 of 1st period - Frans Nielsen wins face-off versus Tyler Arnason in Nordiques zone.
0:46 of 1st period - Snap shot by Drew Miller.
0:46 of 1st period - Stopped by Jean-Sébastien Giguère with a rebound.
1:33 of 1st period - Alexei Ponikarovsky is hit by Andy Sutton and loses puck.
2:13 of 1st period - Snap shot by Mattias Weinhandl.
2:13 of 1st period - Shot Blocked by Anton Stralman.
2:15 of 1st period - Snap shot by Nick Schultz.
2:15 of 1st period - Shot Misses the Net.
2:17 of 1st period - Wrist shot by Rickard Wallin.
2:17 of 1st period - Stopped by Ryan Miller without a rebound.
2:18 of 1st period - Saku Koivu wins face-off versus Matt Duchene in Coyotes zone.
2:18 of 1st period - Saku Koivu is hit by Matt Duchene.
2:44 of 1st period - Frans Nielsen is hit by Marcel Hossa and loses puck.
3:37 of 1st period - Brian Pothier is hit by Sergei Gonchar.
4:16 of 1st period - Slapshot by Drew Miller.
4:16 of 1st period - Shot Blocked by Jordan Leopold.
4:18 of 1st period - Slapshot by Matt Taormina.
4:18 of 1st period - Stopped by Jean-Sébastien Giguère with a rebound.
4:20 of 1st period - Slapshot by Matt Taormina.
4:20 of 1st period - Deflect By Chris Stewart.
4:20 of 1st period - Stopped by Jean-Sébastien Giguère with a rebound.
4:24 of 1st period - Wrist shot by Frans Nielsen.
4:24 of 1st period - Deflect By Ryan Parent.
4:24 of 1st period - Shot Blocked by Tyler Arnason.
4:24 of 1st period - Puck is out of play.
4:25 of 1st period - Tim Connolly wins face-off versus Matt Duchene in Nordiques zone.
4:58 of 1st period - Wrist shot by Patrik Elias.
4:58 of 1st period - Shot Blocked by Chad Larose.
5:00 of 1st period - Wrist shot by Rickard Wallin.
5:00 of 1st period - Shot Misses the Net.
5:02 of 1st period - Snap shot by Nick Schultz.
5:02 of 1st period - Deflect By Denis Grebeshkov.
5:02 of 1st period - Stopped by Ryan Miller with a rebound.
5:04 of 1st period - Snap shot by Rickard Wallin.
5:04 of 1st period - Shot Blocked by Denis Grebeshkov.
5:06 of 1st period - Snap shot by Nick Schultz.
5:06 of 1st period - Deflect By Patrik Elias.
5:06 of 1st period - Shot Blocked by Adrian Aucoin.
5:06 of 1st period - Puck is out of play.
5:07 of 1st period - Frans Nielsen wins face-off versus Tyler Arnason in Coyotes zone.
5:20 of 1st period - Wrist shot by Drew Miller.
5:20 of 1st period - Stopped by Jean-Sébastien Giguère without a rebound.
5:21 of 1st period - Matt Duchene wins face-off versus Tim Connolly in Nordiques zone.
5:32 of 1st period - Snap shot by Peter Prucha.
5:32 of 1st period - Stopped by Ryan Miller without a rebound.
5:33 of 1st period - Saku Koivu wins face-off versus Matt Duchene in Coyotes zone.
5:40 of 1st period - Saku Koivu is hit by Matt Duchene and loses puck.
5:49 of 1st period - Wrist shot by Peter Prucha.
5:49 of 1st period - Shot Misses the Net.
6:28 of 1st period - Wrist shot by Marian Gaborik.
6:28 of 1st period - Stopped by Jean-Sébastien Giguère without a rebound.
6:29 of 1st period - Matt Duchene wins face-off versus Frans Nielsen in Nordiques zone.
6:38 of 1st period - Wrist shot by Andrei Kostitsyn.
6:38 of 1st period - Shot Blocked by Chris Stewart.
6:40 of 1st period - Snap shot by Matt Duchene.
6:40 of 1st period - Goal by Matt Duchene - Coyotes : 0 - Nordiques : 1.
6:41 of 1st period - Tim Connolly wins face-off versus Rickard Wallin in neutral zone.
6:44 of 1st period - Wrist shot by Tim Connolly.
6:44 of 1st period - Shot Misses the Net.
6:52 of 1st period - Slapshot by Marian Gaborik.
6:52 of 1st period - Goal by Marian Gaborik - Coyotes : 1 - Nordiques : 1.
6:53 of 1st period - Matt Duchene wins face-off versus Frans Nielsen in neutral zone.
7:03 of 1st period - Snap shot by Drew Miller.
7:03 of 1st period - Stopped by Jean-Sébastien Giguère without a rebound.
7:04 of 1st period - Saku Koivu wins face-off versus Tyler Arnason in Nordiques zone.
7:05 of 1st period - Snap shot by Erik Cole.
7:05 of 1st period - Stopped by Jean-Sébastien Giguère without a rebound.
7:06 of 1st period - Saku Koivu wins face-off versus Marcel Hossa in Nordiques zone.
7:06 of 1st period - Sergei Gonchar is hit by Ryan Parent and loses puck.
7:19 of 1st period - Ryan Parent is hit by Erik Cole and loses puck.
7:34 of 1st period - Jordan Leopold is hit by Tyler Ennis and loses puck.
7:49 of 1st period - Anton Stralman is hit by Jordan Leopold and loses puck.
8:00 of 1st period - Wrist shot by Tyler Ennis.
8:00 of 1st period - Stopped by Jean-Sébastien Giguère with a rebound.
8:54 of 1st period - Snap shot by Andrei Kostitsyn.
8:54 of 1st period - Stopped by Ryan Miller without a rebound.
8:55 of 1st period - Frans Nielsen wins face-off versus Rickard Wallin in Coyotes zone.
8:55 of 1st period - Frans Nielsen is hit by Brett Lebda.
8:58 of 1st period - Minor Penalty to Frans Nielsen for Interference.
8:59 of 1st period - Drew Miller wins face-off versus Tyler Arnason in Coyotes zone.
10:58 of 1st period - Penalty to Frans Nielsen is over, Frans Nielsen is back on ice.
11:10 of 1st period - Snap shot by Tim Connolly.
11:10 of 1st period - Shot Misses the Net.
11:12 of 1st period - Slapshot by Anton Stralman.
11:12 of 1st period - Stopped by Jean-Sébastien Giguère without a rebound.
11:13 of 1st period - Rickard Wallin wins face-off versus Tim Connolly in Nordiques zone.
11:13 of 1st period - Rickard Wallin is hit by Marian Gaborik.
11:25 of 1st period - Snap shot by Rickard Wallin.
11:25 of 1st period - Stopped by Ryan Miller without a rebound.
11:26 of 1st period - Frans Nielsen wins face-off versus Tyler Arnason in Coyotes zone.
12:04 of 1st period - Icing by Brian Pothier.
12:05 of 1st period - Rickard Wallin wins face-off versus Frans Nielsen in Nordiques zone.
12:31 of 1st period - Alexander Perezhogin is hit by Chad Larose and loses puck.
13:01 of 1st period - Icing by Erik Christensen.
13:02 of 1st period - Rickard Wallin wins face-off versus Erik Christensen in Coyotes zone.
13:30 of 1st period - Anton Stralman is hit by Nick Schultz and loses puck.
13:51 of 1st period - Snap shot by Sami Kapanen.
13:51 of 1st period - Shot Blocked by Rickard Wallin.
13:53 of 1st period - Snap shot by Sergei Gonchar.
13:53 of 1st period - Shot Blocked by Nick Schultz.
13:55 of 1st period - Snap shot by Erik Christensen.
13:55 of 1st period - Shot Misses the Net.
13:57 of 1st period - Slapshot by Erik Christensen.
13:57 of 1st period - Shot Misses the Net.
13:59 of 1st period - Snap shot by Anton Stralman.
13:59 of 1st period - Shot Blocked by Rickard Wallin.
14:03 of 1st period - Slapshot by Erik Christensen.
14:03 of 1st period - Shot Misses the Net.
14:07 of 1st period - Slapshot by Shawn Thornton.
14:07 of 1st period - Deflect By Erik Christensen.
14:07 of 1st period - Stopped by Jean-Sébastien Giguère with a rebound.
14:09 of 1st period - Snap shot by Sergei Gonchar.
14:09 of 1st period - Stopped by Jean-Sébastien Giguère without a rebound.
14:10 of 1st period - Frans Nielsen wins face-off versus Tyler Arnason in Nordiques zone.
14:11 of 1st period - Slapshot by Drew Miller.
14:11 of 1st period - Stopped by Jean-Sébastien Giguère without a rebound.
14:12 of 1st period - Tyler Arnason wins face-off versus Frans Nielsen in Nordiques zone.
14:12 of 1st period - Tyler Arnason is hit by Drew Miller.
14:22 of 1st period - Marcel Hossa is hit by Denis Grebeshkov.
14:35 of 1st period - Icing by Marcel Hossa.
14:36 of 1st period - Saku Koivu wins face-off versus Tyler Arnason in Nordiques zone.
14:37 of 1st period - Snap shot by Chad Larose.
14:37 of 1st period - Shot Misses the Net.
14:43 of 1st period - Snap shot by Alexander Perezhogin.
14:43 of 1st period - Stopped by Ryan Miller without a rebound.
14:44 of 1st period - Saku Koivu wins face-off versus Matt Duchene in Coyotes zone.
14:55 of 1st period - Wrist shot by Andrei Kostitsyn.
14:55 of 1st period - Shot Misses the Net.
14:57 of 1st period - Slapshot by Peter Prucha.
14:57 of 1st period - Shot Blocked by Erik Cole.
14:59 of 1st period - Slapshot by Jordan Leopold.
14:59 of 1st period - Shot Blocked by Andy Sutton.
15:13 of 1st period - Wrist shot by Alexei Ponikarovsky.
15:13 of 1st period - Shot Blocked by Matt Taormina.
15:31 of 1st period - Saku Koivu is hit by Alexander Perezhogin and loses puck.
16:29 of 1st period - Snap shot by Erik Cole.
16:29 of 1st period - Stopped by Jean-Sébastien Giguère without a rebound.
16:30 of 1st period - Matt Duchene wins face-off versus Frans Nielsen in Nordiques zone.
17:19 of 1st period - Minor Penalty to Erik Christensen for Hooking.
17:20 of 1st period - Matt Duchene wins face-off versus Drew Miller in Coyotes zone.
17:55 of 1st period - Slapshot by Marcel Hossa.
17:55 of 1st period - Stopped by Ryan Miller without a rebound.
17:56 of 1st period - Drew Miller wins face-off versus Tyler Arnason in Coyotes zone.
18:27 of 1st period - Wrist shot by Peter Prucha.
18:27 of 1st period - Stopped by Ryan Miller without a rebound.
18:28 of 1st period - Matt Duchene wins face-off versus Drew Miller in Coyotes zone.
19:19 of 1st period - Penalty to Erik Christensen is over, Erik Christensen is back on ice.
19:26 of 1st period - Off-side.
19:27 of 1st period - Tim Connolly wins face-off versus Jeff Halpern in neutral zone.
19:44 of 1st period - Wrist shot by Marian Gaborik.
19:44 of 1st period - Stopped by Jean-Sébastien Giguère with a rebound.
Goals for this period are 1 for Coyotes vs 1 for Nordiques.
Shots for this period are 17 for Coyotes vs 9 for Nordiques.
2nd period
0:01 of 2nd period - Matt Duchene wins face-off versus Frans Nielsen in neutral zone.
0:26 of 2nd period - Marcel Hossa is hit by Erik Cole and loses puck.
1:18 of 2nd period - Slapshot by Jeff Halpern.
1:18 of 2nd period - Shot Misses the Net.
1:20 of 2nd period - Snap shot by Alexei Ponikarovsky.
1:20 of 2nd period - Shot Misses the Net.
1:36 of 2nd period - Slapshot by Jordan Leopold.
1:36 of 2nd period - Shot Blocked by Anton Stralman.
1:38 of 2nd period - Wrist shot by Matt Duchene.
1:38 of 2nd period - Shot Misses the Net.
1:44 of 2nd period - Wrist shot by Matt Duchene.
1:44 of 2nd period - Deflect By Peter Prucha.
1:44 of 2nd period - Stopped by Ryan Miller with a rebound.
1:54 of 2nd period - Drew Miller is hit by Ryan Parent and loses puck.
1:59 of 2nd period - Snap shot by Marcel Hossa.
1:59 of 2nd period - Deflect By Tyler Arnason.
1:59 of 2nd period - Stopped by Ryan Miller without a rebound.
2:00 of 2nd period - Tyler Arnason wins face-off versus Frans Nielsen in Coyotes zone.
2:08 of 2nd period - Minor Penalty to Frans Nielsen for Hooking.
2:09 of 2nd period - Drew Miller wins face-off versus Matt Duchene in Coyotes zone.
2:27 of 2nd period - Matt Duchene is hit by Chad Larose and loses puck.
2:50 of 2nd period - Slapshot by Marcel Hossa.
2:50 of 2nd period - Stopped by Ryan Miller with a rebound.
4:06 of 2nd period - Chad Larose is hit by Jordan Leopold and loses puck.
4:08 of 2nd period - Penalty to Frans Nielsen is over, Frans Nielsen is back on ice.
4:13 of 2nd period - Wrist shot by Matt Ellison.
4:13 of 2nd period - Shot Blocked by Saku Koivu.
5:01 of 2nd period - Minor Penalty to Sami Kapanen for High sticking.
5:02 of 2nd period - Drew Miller wins face-off versus Matt Duchene in Coyotes zone.
5:15 of 2nd period - Wrist shot by Drew Miller.
5:15 of 2nd period - Shot Misses the Net.
5:17 of 2nd period - Snap shot by Chad Larose.
5:17 of 2nd period - Stopped by Jean-Sébastien Giguère without a rebound.
5:18 of 2nd period - Matt Duchene wins face-off versus Drew Miller in Nordiques zone.
5:49 of 2nd period - Snap shot by Matt Duchene.
5:49 of 2nd period - Shot Blocked by Andy Sutton.
5:51 of 2nd period - Slapshot by Brett Lebda.
5:51 of 2nd period - Shot Blocked by Erik Cole.
5:53 of 2nd period - Snap shot by Peter Prucha.
5:53 of 2nd period - Stopped by Ryan Miller without a rebound.
5:54 of 2nd period - Frans Nielsen wins face-off versus Tyler Arnason in Coyotes zone.
5:54 of 2nd period - Frans Nielsen is hit by Ryan Parent.
6:10 of 2nd period - Backhand shot by Marcel Hossa.
6:10 of 2nd period - Stopped by Ryan Miller with a rebound.
6:34 of 2nd period - Marcel Hossa is hit by Frans Nielsen and loses puck.
7:01 of 2nd period - Penalty to Sami Kapanen is over, Sami Kapanen is back on ice.
7:36 of 2nd period - Alexei Ponikarovsky is hit by Andy Sutton and loses puck.
8:11 of 2nd period - Andy Sutton is hit by Mattias Weinhandl and loses puck.
9:35 of 2nd period - Wrist shot by Andrei Kostitsyn.
9:35 of 2nd period - Shot Blocked by Denis Grebeshkov.
9:37 of 2nd period - Slapshot by Ryan Parent.
9:37 of 2nd period - Stopped by Ryan Miller without a rebound.
9:38 of 2nd period - Tim Connolly wins face-off versus Matt Duchene in Coyotes zone.
10:04 of 2nd period - Off-side.
10:05 of 2nd period - Tyler Arnason wins face-off versus Drew Miller in neutral zone.
10:20 of 2nd period - Alexander Perezhogin is hit by Frans Nielsen and loses puck.
11:20 of 2nd period - Off-side.
11:21 of 2nd period - Tyler Arnason wins face-off versus Chris Stewart in neutral zone.
11:30 of 2nd period - Slapshot by Tyler Arnason.
11:30 of 2nd period - Stopped by Ryan Miller with a rebound.
11:39 of 2nd period - Off-side.
11:40 of 2nd period - Tim Connolly wins face-off versus Matt Duchene in neutral zone.
12:11 of 2nd period - Snap shot by Drew Miller.
12:11 of 2nd period - Stopped by Jean-Sébastien Giguère with a rebound.
12:13 of 2nd period - Backhand shot by Anton Stralman.
12:13 of 2nd period - Stopped by Jean-Sébastien Giguère with a rebound.
12:15 of 2nd period - Snap shot by Frans Nielsen.
12:15 of 2nd period - Deflect By Drew Miller.
12:15 of 2nd period - Shot Blocked by Alexander Perezhogin.
12:15 of 2nd period - Puck is out of play.
12:16 of 2nd period - Matt Duchene wins face-off versus Frans Nielsen in Nordiques zone.
12:21 of 2nd period - Slapshot by Peter Prucha.
12:21 of 2nd period - Stopped by Ryan Miller without a rebound.
12:22 of 2nd period - Frans Nielsen wins face-off versus Matt Duchene in Coyotes zone.
13:29 of 2nd period - Wrist shot by Patrik Elias.
13:29 of 2nd period - Shot Misses the Net.
13:31 of 2nd period - Slapshot by Mattias Weinhandl.
13:31 of 2nd period - Deflect By Patrik Elias.
13:31 of 2nd period - Shot Misses the Net.
13:31 of 2nd period - Puck is out of play.
13:32 of 2nd period - Tim Connolly wins face-off versus Matt Duchene in Coyotes zone.
13:41 of 2nd period - Slapshot by Matt Duchene.
13:41 of 2nd period - Shot Misses the Net.
13:43 of 2nd period - Wrist shot by Brian Pothier.
13:43 of 2nd period - Stopped by Ryan Miller without a rebound.
13:44 of 2nd period - Tim Connolly wins face-off versus Matt Duchene in Coyotes zone.
13:48 of 2nd period - Minor Penalty to Brian Pothier for Goalie Interference.
13:49 of 2nd period - Jeff Halpern wins face-off versus Tim Connolly in Nordiques zone.
14:03 of 2nd period - Snap shot by Denis Grebeshkov.
14:03 of 2nd period - Shot Misses the Net.
14:05 of 2nd period - Slapshot by Tyler Ennis.
14:05 of 2nd period - Shot Misses the Net.
14:15 of 2nd period - Jeff Halpern is hit by Saku Koivu and loses puck.
15:48 of 2nd period - Penalty to Brian Pothier is over, Brian Pothier is back on ice.
15:52 of 2nd period - Slapshot by Andrei Kostitsyn.
15:52 of 2nd period - Shot Misses the Net.
15:54 of 2nd period - Backhand shot by Andrei Kostitsyn.
15:54 of 2nd period - Goal by Andrei Kostitsyn - Coyotes : 1 - Nordiques : 2.
15:55 of 2nd period - Saku Koivu wins face-off versus Tyler Arnason in neutral zone.
16:28 of 2nd period - Icing by Matt Taormina.
16:29 of 2nd period - Matt Duchene wins face-off versus Frans Nielsen in Coyotes zone.
16:37 of 2nd period - Off-side.
16:38 of 2nd period - Matt Duchene wins face-off versus Tim Connolly in neutral zone.
17:24 of 2nd period - Snap shot by Peter Prucha.
17:24 of 2nd period - Stopped by Ryan Miller with a rebound.
17:26 of 2nd period - Wrist shot by Andrei Kostitsyn.
17:26 of 2nd period - Stopped by Ryan Miller without a rebound.
17:27 of 2nd period - Tyler Arnason wins face-off versus Drew Miller in Coyotes zone.
17:43 of 2nd period - Icing by Matt Taormina.
17:44 of 2nd period - Rickard Wallin wins face-off versus Frans Nielsen in Coyotes zone.
17:55 of 2nd period - Mattias Weinhandl is hit by Chris Stewart and loses puck.
18:02 of 2nd period - Snap shot by Drew Miller.
18:02 of 2nd period - Deflect By Frans Nielsen.
18:02 of 2nd period - Stopped by Jean-Sébastien Giguère with a rebound.
18:34 of 2nd period - Off-side.
18:35 of 2nd period - Matt Duchene wins face-off versus Tim Connolly in neutral zone.
18:38 of 2nd period - Wrist shot by Peter Prucha.
18:38 of 2nd period - Shot Misses the Net.
18:40 of 2nd period - Minor Penalty to Tyler Ennis for Holding Stick.
18:41 of 2nd period - Drew Miller wins face-off versus Matt Duchene in Coyotes zone.
19:08 of 2nd period - Wrist shot by Alexander Perezhogin.
19:08 of 2nd period - Stopped by Ryan Miller without a rebound.
19:09 of 2nd period - Drew Miller wins face-off versus Matt Duchene in Coyotes zone.
Goals for this period are 0 for Coyotes vs 1 for Nordiques.
Shots for this period are 4 for Coyotes vs 13 for Nordiques.
3rd period
0:01 of 3rd period - Drew Miller wins face-off versus Matt Duchene in neutral zone.
0:40 of 3rd period - Penalty to Tyler Ennis is over, Tyler Ennis is back on ice.
0:51 of 3rd period - Sami Kapanen is hit by Brett Lebda and loses puck.
1:20 of 3rd period - Wrist shot by Marian Gaborik.
1:20 of 3rd period - Shot Misses the Net.
1:22 of 3rd period - Slapshot by Tyler Ennis.
1:22 of 3rd period - Goal by Tyler Ennis - Coyotes : 2 - Nordiques : 2.
1:23 of 3rd period - Tim Connolly wins face-off versus Matt Duchene in neutral zone.
1:52 of 3rd period - Snap shot by Jordan Leopold.
1:52 of 3rd period - Stopped by Ryan Miller with a rebound.
1:54 of 3rd period - Slapshot by Jordan Leopold.
1:54 of 3rd period - Stopped by Ryan Miller with a rebound.
1:56 of 3rd period - Wrist shot by Alexander Perezhogin.
1:56 of 3rd period - Shot Misses the Net.
1:58 of 3rd period - Slapshot by Jordan Leopold.
1:58 of 3rd period - Shot Blocked by Sergei Gonchar.
2:42 of 3rd period - Backhand shot by Tim Connolly.
2:42 of 3rd period - Stopped by Jean-Sébastien Giguère without a rebound.
2:43 of 3rd period - Matt Duchene wins face-off versus Saku Koivu in Nordiques zone.
2:43 of 3rd period - Andrei Kostitsyn is hit by Saku Koivu and loses puck.
2:59 of 3rd period - Backhand shot by Saku Koivu.
2:59 of 3rd period - Stopped by Jean-Sébastien Giguère with a rebound.
3:20 of 3rd period - Icing by Ed Jovanovski.
3:21 of 3rd period - Tyler Arnason wins face-off versus Tim Connolly in Nordiques zone.
3:36 of 3rd period - Wrist shot by Marcel Hossa.
3:36 of 3rd period - Shot Blocked by Tim Connolly.
3:42 of 3rd period - Slapshot by Tyler Arnason.
3:42 of 3rd period - Shot Misses the Net.
4:18 of 3rd period - Snap shot by Tyler Arnason.
4:18 of 3rd period - Shot Blocked by Tyler Ennis.
4:20 of 3rd period - Wrist shot by Marcel Hossa.
4:20 of 3rd period - Shot Blocked by Denis Grebeshkov.
4:22 of 3rd period - Snap shot by Tyler Arnason.
4:22 of 3rd period - Shot Misses the Net.
4:24 of 3rd period - Snap shot by Marcel Hossa.
4:24 of 3rd period - Shot Misses the Net.
4:26 of 3rd period - Wrist shot by Marcel Hossa.
4:26 of 3rd period - Goal by Marcel Hossa - Coyotes : 2 - Nordiques : 3.
4:27 of 3rd period - Matt Duchene wins face-off versus Saku Koivu in neutral zone.
4:34 of 3rd period - Snap shot by Matt Duchene.
4:34 of 3rd period - Stopped by Ryan Miller without a rebound.
4:35 of 3rd period - Peter Prucha wins face-off versus Saku Koivu in Coyotes zone.
4:36 of 3rd period - Snap shot by Andrei Kostitsyn.
4:36 of 3rd period - Stopped by Ryan Miller without a rebound.
4:37 of 3rd period - Matt Duchene wins face-off versus Saku Koivu in Coyotes zone.
5:04 of 3rd period - Snap shot by Matt Duchene.
5:04 of 3rd period - Goal by Matt Duchene - Coyotes : 2 - Nordiques : 4.
5:05 of 3rd period - Tim Connolly wins face-off versus Matt Duchene in neutral zone.
5:08 of 3rd period - Slapshot by Marian Gaborik.
5:08 of 3rd period - Stopped by Jean-Sébastien Giguère with a rebound.
5:42 of 3rd period - Slapshot by Tyler Arnason.
5:42 of 3rd period - Shot Blocked by Erik Cole.
6:44 of 3rd period - Slapshot by Erik Cole.
6:44 of 3rd period - Stopped by Jean-Sébastien Giguère with a rebound.
6:46 of 3rd period - Snap shot by Chad Larose.
6:46 of 3rd period - Stopped by Jean-Sébastien Giguère with a rebound.
6:48 of 3rd period - Wrist shot by Saku Koivu.
6:48 of 3rd period - Goal by Saku Koivu - Coyotes : 3 - Nordiques : 4.
6:49 of 3rd period - Matt Duchene wins face-off versus Tim Connolly in neutral zone.
6:58 of 3rd period - Slapshot by Tim Connolly.
6:58 of 3rd period - Stopped by Jean-Sébastien Giguère without a rebound.
6:59 of 3rd period - Matt Duchene wins face-off versus Tim Connolly in Nordiques zone.
6:59 of 3rd period - Matt Duchene is hit by Anton Stralman.
7:06 of 3rd period - Ryan Parent is hit by Anton Stralman and loses puck.
7:10 of 3rd period - Off-side.
7:11 of 3rd period - Matt Duchene wins face-off versus Tim Connolly in neutral zone.
7:16 of 3rd period - Wrist shot by Matt Duchene.
7:16 of 3rd period - Stopped by Ryan Miller without a rebound.
7:17 of 3rd period - Matt Duchene wins face-off versus Marian Gaborik in Coyotes zone.
7:54 of 3rd period - Snap shot by Mattias Weinhandl.
7:54 of 3rd period - Stopped by Ryan Miller without a rebound.
7:55 of 3rd period - Matt Duchene wins face-off versus Tim Connolly in Coyotes zone.
8:22 of 3rd period - Anton Stralman is hit by Tyler Arnason and loses puck.
8:47 of 3rd period - Snap shot by Sami Kapanen.
8:47 of 3rd period - Goal by Sami Kapanen - Coyotes : 4 - Nordiques : 4.
8:48 of 3rd period - Tim Connolly wins face-off versus Matt Duchene in neutral zone.
8:53 of 3rd period - Snap shot by Tim Connolly.
8:53 of 3rd period - Deflect By Marian Gaborik.
8:53 of 3rd period - Goal by Marian Gaborik - Coyotes : 5 - Nordiques : 4.
8:54 of 3rd period - Matt Duchene wins face-off versus Tim Connolly in neutral zone.
9:01 of 3rd period - Snap shot by Peter Prucha.
9:01 of 3rd period - Shot Blocked by Adrian Aucoin.
9:03 of 3rd period - Slapshot by Jordan Leopold.
9:03 of 3rd period - Shot Misses the Net.
9:05 of 3rd period - Slapshot by Peter Prucha.
9:05 of 3rd period - Shot Blocked by Tim Connolly.
9:07 of 3rd period - Snap shot by Matt Duchene.
9:07 of 3rd period - Shot Blocked by Denis Grebeshkov.
9:09 of 3rd period - Snap shot by Andrei Kostitsyn.
9:09 of 3rd period - Stopped by Ryan Miller without a rebound.
9:10 of 3rd period - Frans Nielsen wins face-off versus Alexander Perezhogin in Coyotes zone.
9:10 of 3rd period - Frans Nielsen is hit by Jordan Leopold.
9:20 of 3rd period - Snap shot by Drew Miller.
9:20 of 3rd period - Stopped by Jean-Sébastien Giguère with a rebound.
9:22 of 3rd period - Snap shot by Chris Stewart.
9:22 of 3rd period - Stopped by Jean-Sébastien Giguère without a rebound.
9:23 of 3rd period - Matt Duchene wins face-off versus Tim Connolly in Nordiques zone.
9:48 of 3rd period - Tim Connolly is hit by Patrik Elias and loses puck.
10:15 of 3rd period - Brett Lebda is hit by Anton Stralman and loses puck.
10:20 of 3rd period - Snap shot by Drew Miller.
10:20 of 3rd period - Stopped by Jean-Sébastien Giguère with a rebound.
10:22 of 3rd period - Slapshot by Andy Sutton.
10:22 of 3rd period - Stopped by Jean-Sébastien Giguère without a rebound.
10:23 of 3rd period - Matt Duchene wins face-off versus Frans Nielsen in Nordiques zone.
10:32 of 3rd period - Slapshot by Peter Prucha.
10:32 of 3rd period - Shot Misses the Net.
10:34 of 3rd period - Slapshot by Brian Pothier.
10:34 of 3rd period - Stopped by Ryan Miller without a rebound.
10:35 of 3rd period - Frans Nielsen wins face-off versus Matt Duchene in Coyotes zone.
11:25 of 3rd period - Marian Gaborik is hit by Marcel Hossa.
11:49 of 3rd period - Slapshot by Mattias Weinhandl.
11:49 of 3rd period - Stopped by Ryan Miller without a rebound.
11:50 of 3rd period - Rickard Wallin wins face-off versus Frans Nielsen in Coyotes zone.
11:59 of 3rd period - Wrist shot by Mattias Weinhandl.
11:59 of 3rd period - Stopped by Ryan Miller without a rebound.
12:00 of 3rd period - Tyler Arnason wins face-off versus Frans Nielsen in Coyotes zone.
12:27 of 3rd period - Marian Gaborik is hit by Andrei Kostitsyn and loses puck.
14:19 of 3rd period - Slapshot by Adrian Aucoin.
14:19 of 3rd period - Shot Blocked by Mattias Weinhandl.
14:31 of 3rd period - Brian Pothier is hit by Matt Taormina and loses puck.
14:38 of 3rd period - Ryan Parent is hit by Shawn Thornton and loses puck.
14:53 of 3rd period - Wrist shot by Marcel Hossa.
14:53 of 3rd period - Shot Misses the Net.
14:59 of 3rd period - Wrist shot by Tyler Arnason.
14:59 of 3rd period - Stopped by Ryan Miller with a rebound.
15:17 of 3rd period - Andrei Kostitsyn is hit by Marian Gaborik and loses puck.
15:33 of 3rd period - Icing by Nick Schultz.
15:34 of 3rd period - Saku Koivu wins face-off versus Rickard Wallin in Nordiques zone.
17:14 of 3rd period - Peter Prucha is hit by Frans Nielsen.
17:30 of 3rd period - Snap shot by Marian Gaborik.
17:30 of 3rd period - Shot Blocked by Jordan Leopold.
17:32 of 3rd period - Slapshot by Andy Sutton.
17:32 of 3rd period - Stopped by Jean-Sébastien Giguère without a rebound.
17:33 of 3rd period - Rickard Wallin wins face-off versus Tim Connolly in Nordiques zone.
17:37 of 3rd period - Off-side.
17:38 of 3rd period - Saku Koivu wins face-off versus Rickard Wallin in neutral zone.
17:48 of 3rd period - Slapshot by Chad Larose.
17:48 of 3rd period - Shot Misses the Net.
17:54 of 3rd period - Wrist shot by Saku Koivu.
17:54 of 3rd period - Deflect By Chad Larose.
17:54 of 3rd period - Shot Blocked by Patrik Elias.
17:54 of 3rd period - Puck is out of play.
17:55 of 3rd period - Matt Duchene wins face-off versus Erik Christensen in Nordiques zone.
18:06 of 3rd period - Slapshot by Peter Prucha.
18:06 of 3rd period - Stopped by Ryan Miller with a rebound.
18:39 of 3rd period - Icing by Matt Taormina.
18:40 of 3rd period - Erik Christensen wins face-off versus Rickard Wallin in Coyotes zone.
18:45 of 3rd period - Snap shot by Erik Cole.
18:45 of 3rd period - Stopped by Jean-Sébastien Giguère with a rebound.
18:47 of 3rd period - Slapshot by Chad Larose.
18:47 of 3rd period - Stopped by Jean-Sébastien Giguère with a rebound.
19:01 of 3rd period - Minor Penalty to Patrik Elias for Roughing.
19:02 of 3rd period - Tim Connolly wins face-off versus Jeff Halpern in Nordiques zone.
19:10 of 3rd period - Minor Penalty to Peter Prucha for Holding.
19:11 of 3rd period - Tim Connolly wins face-off versus Jeff Halpern in Nordiques zone.
Goals for this period are 4 for Coyotes vs 2 for Nordiques.
Shots for this period are 17 for Coyotes vs 14 for Nordiques.
Output by the SimonT Hockey Simulator (STHS) for François Prévost -- Original Page W3C XHTML 1.0 Valid